 Dungeon Crawl Stone Soup version 0.30.0-29-ga12c61a403 (webtiles) character file.

Game seed: 13057276126839370149

64658 Graphine the Severer (level 15, -26/141 HPs)
             Began as a Hill Orc Fighter on June 23, 2023.
             Was a High Priest of the Shining One.
             Killed from afar by Nikola (39 damage)
             ... with an arc of chain lightning
             ... on level 1 of the Shoals.
             The game lasted 00:42:34 (19233 turns).

Graphine the Severer (Hill Orc Fighter)            Turns: 19233, Time: 00:42:34

Health: -26/141    AC: 31    Str: 27    XL:     15   Next: 13%
Magic:  27/28      EV: 12    Int:  4    God:    the Shining One [*****.]
Gold:   214        SH:  5    Dex: 10    Spells: 21/21 levels left

rFire   . . .        a - +6 war axe (protect)
rCold   . . .        c - +0 buckler
rNeg    + + .        Q - +2 plate armour {Will+}
rPois   .            (no helmet)
rElec   .            y - +0 cloak {rCorr}
rCorr   +            E - +0 pair of gloves
SInv    +            K - +3 pair of seven-league boots {Rampage+∞}
Will    ++++.        N - amulet of regeneration Stlth
                     t - ring "Nyitsar" {Fly Will++ rCorr Int-4 SInv}
HPRegen 1.23/turn    q - +5 ring of evasion
MPRegen 0.21/turn

%: rampage+∞
@: under a protective aura, flying, glowing
A: no striking features
a: Renounce Religion, Divine Shield, Cleansing Flame, Summon Divine Warrior


You were on level 1 of the Shoals.
You worshipped the Shining One.
The Shining One was extremely pleased with you.
You visited 3 branches of the dungeon, and saw 15 of its levels.

You collected 954 gold pieces.
You spent 740 gold pieces at shops.

Inventory:

Hand Weapons
 a - a +6 war axe of protection (weapon)
 z - the +9 staff of Olgreb {rPois∞}
   (You found it on level 7 of the Dungeon)

   It enhances your poison magic.
   It grants immunity to poison.
   It can be activated via the 'a'bility menu to radiate toxic energy, with
   effectiveness depending on Evocations skill.
Missiles
 p - 4 curare-tipped darts (quivered)
 F - 5 atropa-tipped darts
Armour
 c - a +0 buckler (worn)
 y - a +0 cloak of preservation (worn)
 E - a +0 pair of gloves (worn)
 K - the +3 pair of seven-league boots (worn) {Rampage+∞}
   (You found it on level 1 of the Lair of Beasts)

   Rampage+∞: When moving toward enemies, its wearer moves as far as possible,
   alerting their target en route.
 Q - a +2 plate armour of willpower (worn)
Jewellery
 i - an amulet of guardian spirit
 n - a ring of fire
 q - a +5 ring of evasion (right hand)
 t - the ring "Nyitsar" (left hand) {Fly Will++ rCorr Int-4 SInv}
   (You bought it in a shop on level 5 of the Dungeon)

   [ring of resist corrosion]

   Int:       It affects your intelligence (-4).
   SInv:      It lets you see invisible.
   Fly:       It grants you flight.
   rCorr:     It protects you from acid and corrosion.
   Will:      It greatly increases your willpower.
 A - a ring of protection from fire
 M - a +5 ring of evasion
 N - an amulet of regeneration (around neck)
Wands
 d - a wand of iceblast (4)
 e - a wand of digging (5)
 k - a wand of charming (29)
 r - a wand of flame (62)
 s - a wand of polymorph (12)
 G - a wand of mindburst (11)
 J - a wand of quicksilver (3)
Scrolls
 b - a scroll of enchant armour
 x - 3 scrolls of magic mapping
 B - 7 scrolls of teleportation
 C - 3 scrolls of amnesia
 H - 4 scrolls of identify
 L - a scroll of fear
 O - 2 scrolls of summoning
 P - a scroll of immolation
 R - 3 scrolls of poison {unknown}
Potions
 f - 5 potions of brilliance
 g - 8 potions of curing
 j - a potion of resistance
 l - 2 potions of haste
 m - 3 potions of attraction
 o - 3 potions of flight
 u - 2 potions of invisibility
 v - 3 potions of degeneration
 w - a potion of magic
 D - 3 potions of might
 I - a potion of mutation


   Skills:
 - Level 15.1 Fighting
 * Level 18.4 Axes
 + Level 11.7 Armour
 - Level 5.0 Shields
 + Level 3.7 Spellcasting
 * Level 18.2 Invocations


You had 21 spell levels left.
You didn't know any spells.
Your spell library contained the following spells:

 Spells                   Type           Power      Damage    Failure   Level
 Freeze                   Ice            0%         1d3       98%         1
 Sandblast                Erth           0%         2d4       98%         1
 Shock                    Conj/Air       0%         1d3       98%         1
 Blink                    Tloc           0%         N/A       99%         2
 Lesser Beckoning         Tloc           0%         N/A       99%         2
 Momentum Strike          Conj/Tloc      0%         3d8       99%         2
 Passwall                 Tmut/Erth      0%         N/A       99%         2
 Poisonous Vapours        Pois/Air       0%         N/A       99%         2
 Scorch                   Fire           0%         2d5       99%         2
 Static Discharge         Conj/Air       0%         2-2/arc   99%         2
 Frozen Ramparts          Ice            0%         1d1       100%        3
 Hailstorm                Conj/Ice       0%         3d3       100%        3
 Mephitic Cloud           Conj/Pois/Air  0%         N/A       100%        3
 Ozocubu's Armour         Ice            0%         N/A       100%        3
 Stone Arrow              Conj/Erth      0%         3d7       100%        3
 Swiftness                Air            0%         N/A       100%        3
 Airstrike                Air            0%         2d(0-16)  100%        4
 Flame Wave               Conj/Fire      0%         2d4       100%        4
 Summon Lightning Spire   Summ/Air       0%         N/A       100%        4
 Freezing Cloud           Conj/Ice/Air   0%         6-21      100%        5
 Summon Cactus Giant      Summ           0%         N/A       100%        6
 Ozocubu's Refrigeration  Ice            0%         4d7       100%        7


Dungeon Overview and Level Annotations

Branches:
Dungeon (9/15)             Temple (0/1) D:7            Lair (5/5) D:9
 Shoals (1/4) Lair:3        Snake (0/4) Lair:3        Slime (0/5) Lair:4
    Orc: D:9-12

Altars:
Cheibriados
Dithmenos
Elyvilon
Gozag
Kikubaaqudgha
Makhleb
Wu Jian
Xom
Yredelemnul
The Shining One
Jiyva

Shops:
D:4 (   D:5 *   D:8 **   Shoals:1 (*

Annotations:
D:7 1 runed translucent door
Shoals:1 Nikola


Message History

You feel much better.
Your angel dissolves into sparkling lights!
You feel better.
Nikola hits you with a +2 rapier of electrocution.
Cleave: a) +6 war axe (protect)
Press: ? - help, Dir - move target, f - Nikola
Aim: Nikola, wielding a +2 rapier of electrocution, wearing a +0 cloak and wearing a +0 pair of gloves (heavily wounded, haloed, about 12% to evade your +6 war axe of protection)
You slash Nikola!
Your weapon exudes an aura of protection.
Nikola is heavily wounded.
You block Nikola's attack.
Cleave: a) +6 war axe (protect)
Press: ? - help, Dir - move target, f/p - Nikola
Aim: Nikola, wielding a +2 rapier of electrocution, wearing a +0 cloak and wearing a +0 pair of gloves (heavily wounded, haloed, about 12% to evade your +6 war axe of protection)
You slice Nikola!!
Nikola is heavily wounded.
Cleave: a) +6 war axe (protect)
Press: ? - help, Dir - move target, f/p - Nikola
Aim: Nikola, wielding a +2 rapier of electrocution, wearing a +0 cloak and wearing a +0 pair of gloves (heavily wounded, haloed, about 12% to evade your +6 war axe of protection)
You hit Nikola but do no damage.
Nikola is heavily wounded.
Nikola hits you but does no damage.
You are electrocuted!
* * * LOW HITPOINT WARNING * * *
Cleave: a) +6 war axe (protect)
Press: ? - help, Dir - move target, f/p - Nikola
Aim: Nikola, wielding a +2 rapier of electrocution, wearing a +0 cloak and wearing a +0 pair of gloves (heavily wounded, haloed, about 12% to evade your +6 war axe of protection)
You slice Nikola!!
Nikola is severely wounded.
Nikola gestures at you while chanting. The bolt of lightning hits you!!
* * * LOW HITPOINT WARNING * * *
You feel better. Nikola hits you but does no damage.
Cleave: a) +6 war axe (protect)
Press: ? - help, Dir - move target, f/p - Nikola
Aim: Nikola, wielding a +2 rapier of electrocution, wearing a +0 cloak and wearing a +0 pair of gloves (severely wounded, haloed, about 12% to evade your +6 war axe of protection)
You hit Nikola.
Nikola is severely wounded.
Nikola gestures wildly while chanting.
Lightning arcs from Nikola's hands!
The bolt of lightning hits you!!!
You die...

~~~~~~~~~~≈≈≈~~
~~...~~~...~~~~~~~~~~~
~.~~P..~~........~~~..~~~≈≈≈≈≈≈
.......~..~~......~~...~~~≈≈≈≈≈
.##...#............~~~~.~~~≈≈≈≈≈
.P#.~................~~.~~~≈≈≈≈≈
...~~~~~P...........(.~..~~~≈≈≈≈#
..P~~P~~~.......@@......~~~~≈≈≈≈#
..~~~~~~~...............@~~~≈≈≈≈#
..~~~~~~................~~~≈≈≈≈≈#
....~~~...###............~~~≈≈≈≈#
.....~~..##⌠##..........~~~~≈≈≈≈#
.....~~.##...##.........~~~≈≈≈≈≈#
.....~†##..?..##.........~~≈≈≈≈≈#
.......'...♣!.⌠#........~~~≈≈≈≈≈#
.......##..!..##........~~~≈≈≈≈≈#


You could see Nikola.

Vanquished Creatures
  The ghost of SharpKris the Blocker, a journeyman GnFi of Yredelemnul (Shoals:1)
  The ghost of Levsong the Grappler, a journeyman TrGl of Wu Jian (Lair:1)
  3 catoblepae (Lair:5)
  The ghost of pzskc383 the Cleaver, a journeyman GrFi of Okawaru (Lair:2)
  A dancing weapon (Lair:2)
  17 death yaks
  Amaemon (Lair:1)
  3 skysharks
  2 sea snakes (Shoals:1)
  A deep elf zephyrmancer (D:8)
  The ghost of Graphine the Combatant, a novice DsMo of Okawaru (D:7)
  5 harpies (Shoals:1)
  An oklob plant (Lair:2)
  2 cyclopes (Shoals:1)
  3 fauns (Shoals:1)
  3 manticores
  11 elephants
  3 merfolk sirens
  Maggie (D:9)
  9 cane toads
  9 black mambas
  3 torpor snails
  Psyche (D:9)
  An orange demon (Lair:1)
  4 rime drakes
  11 komodo dragons
  2 wind drakes (Shoals:1)
  5 polar bears
  2 merfolk (Shoals:1)
  Prince Ribbit (D:9)
  9 blink frogs
  11 dream sheep
  A snapping turtle (Shoals:1)
  A vampire (D:9)
  Sigmund (D:4)
  4 wyverns
  4 basilisks
  A water elemental (Shoals:1)
  60 yaks
  Grum (D:9)
  3 redbacks (D:7)
  3 steam dragons
  10 water moccasins
  A naga (Lair:3)
  3 ice beasts
  2 orc warriors
  3 black bears
  24 wolves
  3 centaurs (D:8)
  3 ogres
  A phantom (D:4)
  2 kobold brigands
  7 bullfrogs
  A gnoll sergeant (D:9)
  10 scorpions
  8 wights (D:9)
  16 killer bees
  4 howler monkeys
  An electric eel (Lair:2)
  5 hounds
  5 jellies
  3 orc priests
  A gnoll bouda (Lair:1)
  7 iguanas
  Terence (D:2)
  3 sleepcaps
  6 orc wizards
  14 hell rats (Lair:3)
  Robin (D:3)
  21 gnolls
  10 adders
  A shadow imp (D:6)
  2 white imps
  A worm (D:2)
  3 dart slugs
  18 orcs
  6 bats
  8 endoplasms
  9 giant cockroaches
  8 goblins
  4 hobgoblins
  2 jackals (D:4)
  3 quokkas
  4 ball pythons
  4 frilled lizards
  12 kobolds
  6 rats
475 creatures vanquished.

Notes
Turn   | Place    | Note
-------+----------+-------------------------------------------
     0 | D:1      | Graphine the Hill Orc Fighter began the quest for the Orb.
     0 | D:1      | Reached XP level 1. HP: 19/19 MP: 1/1
    27 | D:1      | Reached skill level 1 in Invocations
    29 | D:1      | Reached XP level 2. HP: 26/27 MP: 2/2
   504 | D:1      | Reached XP level 3. HP: 33/33 MP: 4/4
   952 | D:2      | Found Oresiesu's Weapon Boutique.
  1011 | D:2      | Found a faded altar of an unknown god.
  1034 | D:2      | Reached XP level 4. HP: 34/41 MP: 5/5
  1366 | D:2      | Noticed Terence
  1376 | D:2      | Killed Terence
  1377 | D:2      | Reached XP level 5. HP: 38/47 MP: 7/7
  1715 | D:3      | Noticed Robin
  1717 | D:3      | Reached skill level 5 in Fighting
  1721 | D:3      | Killed Robin
  2035 | D:3      | Found a glowing golden altar of the Shining One.
  2044 | D:3      | Became a worshipper of the Shining One
  2358 | D:4      | Noticed Sigmund
  2367 | D:4      | Reached XP level 6. HP: 12/56 MP: 8/8
  2368 | D:4      | Killed Sigmund
  2369 | D:4      | Reached skill level 5 in Axes
  2449 | D:4      | Reached XP level 7. HP: 36/62 MP: 10/10
  2553 | D:4      | Found Cakoy's Weapon Boutique.
  2715 | D:4      | Reached skill level 5 in Invocations
  2855 | D:4      | Found a burning altar of Makhleb.
  2928 | D:4      | Found a glowing drain.
  3018 | D:4      | Found the +2 ratskin cloak {*Rats rPois rN+ Str-1 Int-1
                  | Dex+1}
  3277 | D:5      | Entered Level 5 of the Dungeon
  3295 | D:5      | Reached XP level 8. HP: 9/71 MP: 12/12
  3300 | D:5      | HP: 3/71 [poisoned by a water moccasin]
  3631 | D:5      | Reached skill level 5 in Armour
  3931 | D:5      | Found Byd Lamo's Assorted Antiques.
  3941 | D:5      | Bought a smoking ivory ring for 140 gold pieces
  3941 | D:5      | Identified the ring "Nyitsar" {Fly Will++ rCorr Int-4 SInv}
                  | (You bought it in a shop on level 5 of the Dungeon)
  4741 | D:6      | Reached XP level 9. HP: 64/81 MP: 14/14
  4742 | D:6      | Reached skill level 5 in Shields
  4824 | D:6      | Reached * piety under the Shining One
  4836 | D:6      | HP: 4/81 [poisoned by a killer bee]
  5407 | D:6      | Found a basalt altar of Yredelemnul.
  5408 | D:6      | Found a snail-covered altar of Cheibriados.
  5410 | D:6      | Found a white marble altar of Elyvilon.
  5819 | D:6      | Found an ancient bone altar of Kikubaaqudgha.
  5822 | D:6      | Found a shadowy altar of Dithmenos.
  5824 | D:6      | Found an opulent altar of Gozag.
  6185 | D:7      | Found an ornate altar of the Wu Jian Council.
  6243 | D:7      | Found a runed translucent gate.
  6244 | D:7      | Found a runed translucent gate.
  6245 | D:7      | Found a runed translucent gate.
  6247 | D:7      | Noticed Graphine's ghost (novice DsMo)
  6285 | D:7      | Killed Graphine's ghost
  6286 | D:7      | Reached XP level 10. HP: 80/91 MP: 13/16
  6338 | D:7      | Found a staircase to the Ecumenical Temple.
  6419 | D:7      | Found the +9 staff of Olgreb {rPois∞}
  6424 | D:7      | Found a runed translucent door.
  6429 | D:7      | Found a runed translucent gate.
  6429 | D:7      | Found a runed translucent gate.
  6430 | D:7      | Found a runed translucent door.
  6440 | D:7      | Found a runed translucent gate.
  6444 | D:7      | Reached ** piety under the Shining One
  6982 | D:7      | Reached skill level 10 in Axes
  7163 | D:7      | Reached skill level 10 in Fighting
  7163 | D:7      | Reached skill level 10 in Invocations
  7607 | D:8      | Found Jeidiph's General Store.
  7609 | D:8      | Found Denaj's Specific Store.
  8309 | D:8      | Noticed a deep elf zephyrmancer
  8315 | D:8      | Killed a deep elf zephyrmancer
  8316 | D:8      | Reached XP level 11. HP: 78/101 MP: 14/19
  8516 | D:9      | Noticed Maggie
  8533 | D:9      | Killed Maggie
  8704 | D:9      | Noticed Prince Ribbit
  8710 | D:9      | Killed Prince Ribbit
  8836 | D:9      | Noticed Grum
  8853 | D:9      | Killed Grum
  9104 | D:9      | Found a staircase to the Lair.
  9105 | D:9      | Noticed Psyche
  9110 | D:9      | Killed Psyche
  9691 | Lair:1   | Entered Level 1 of the Lair of Beasts
  9726 | Lair:1   | Noticed Sonja
  9733 | Lair:1   | Sonja changed into Sonja the black bear
  9733 | Lair:1   | Noticed Sonja
  9735 | Lair:1   | Killed Sonja the black bear
  9844 | Lair:1   | Found a runed translucent door.
  9847 | Lair:1   | Noticed Levsong's ghost (journeyman TrGl)
  9847 | Lair:1   | Found the +3 pair of seven-league boots {Rampage+∞}
 10129 | Lair:1   | Noticed Amaemon
 10138 | Lair:1   | Killed Amaemon
 10190 | Lair:1   | Reached *** piety under the Shining One
 10358 | Lair:1   | Reached XP level 12. HP: 113/113 MP: 21/21
 11785 | Lair:1   | HP: 1/115 [Levsong's ghost (34)]
 11786 | Lair:1   | Killed Levsong's ghost
 12499 | Lair:2   | Noticed a skyshark
 12511 | Lair:2   | Killed a skyshark
 12951 | Lair:2   | Found a runed translucent door.
 12952 | Lair:2   | Found a shimmering altar of Xom.
 12952 | Lair:2   | Noticed pzskc383's ghost (journeyman GrFi)
 12970 | Lair:2   | Reached XP level 13. HP: 77/123 MP: 14/23
 12991 | Lair:2   | Killed pzskc383's ghost
 13384 | Lair:2   | Reached skill level 15 in Axes
 13674 | Lair:3   | Reached **** piety under the Shining One
 13727 | Lair:3   | Reached skill level 15 in Invocations
 14117 | Lair:3   | Found a staircase to the Snake Pit.
 14175 | Lair:3   | Identified the +0 robe of Igaaref {Rampage rCorr}
 14314 | Lair:3   | Reached skill level 10 in Armour
 14571 | Lair:3   | Found a staircase to the Shoals.
 14974 | Lair:4   | Reached skill level 15 in Fighting
 15163 | Lair:4   | Found a viscous altar of Jiyva.
 15164 | Lair:4   | Found a staircase to the Slime Pits.
 15623 | D:8      | Bought a +2 plate armour of willpower for 600 gold pieces
 16083 | Lair:5   | Entered Level 5 of the Lair of Beasts
 16241 | Lair:5   | Reached skill level 1 in Spellcasting
 16244 | Lair:5   | Reached XP level 14. HP: 39/135 MP: 9/26
 17479 | Lair:5   | Identified the +2 cloak of Zuklost {Str+4}
 17543 | Lair:5   | Reached ***** piety under the Shining One
 18270 | Lair:5   | Identified the +9 spear of Evisceration {speed, *Noise rN+
                  | Str+2}
 18730 | Shoals:1 | Entered Level 1 of the Shoals
 18805 | Shoals:1 | Found Voikeimo's Mayhem Merchandise.
 18845 | Shoals:1 | Found Woehituq's Weapon Emporium.
 18964 | Shoals:1 | Reached XP level 15. HP: 127/141 MP: 28/28
 19132 | Shoals:1 | Noticed Nikola
 19148 | Shoals:1 | The Shining One protects you from harm!
 19183 | Shoals:1 | Noticed SharpKris's ghost (journeyman GnFi)
 19184 | Shoals:1 | Found a runed translucent door.
 19212 | Shoals:1 | Killed SharpKris's ghost
 19231 | Shoals:1 | HP: 6/141 [Nikola/bolt of lightning (29)]
 19233 | Shoals:1 | Killed from afar by Nikola

Illustrated notes

Levels and vault maps discovered:
D:1:      wander_arrival_desolate, layout_loops_cross
D:2:      layout_basic, hellmonk_ecumenical_altar_pennies_from_heaven,
          serial_shops, shop, uniq_terence
D:3:      layout_basic, lemuel_round_altar, uniq_robin
D:4:      layout_gridville, makhleb_heckhound_becter, serial_shops,
          nicolae_shop_bloodbath_and_beyond, gup_sewer_entry_glass, uniq_sigmund
D:5:      minmay_spotlight, layout_rooms, serial_shops, nicolae_lakefront_shop,
          nicolae_eternal_life
D:6:      layout_cave_pools, minitemple
D:7:      layout_basic, nzn_wu_jian_council_hall, temple_green,
          nicolae_ossuary_entry_false_entrances, ebering_ghost_rock_garden,
          st_stairs_7, hangedman_abyss_or_decor_stagger,
          minmay_guarded_unrand_staff_of_olgreb
D:8:      layout_cave_pools, nicolae_specific_store, kennysheep_minor_cross,
          guppyfry_early_elven_hall
D:9:      layout_loops_ring, david_lair_generic, minmay_misc_feat_ornament,
          minmay_misc_feat_tower, kennysheep_decorative_pillar,
          uniq_prince_ribbit1, uniq_psyche, uniq_maggie, uniq_grum
Lair:1:   layout_layer_cave, ebering_ghost_reflecting_pool, serial_bayou_pond_a,
          wad_woods_06, serial_bayou_pond_c, dreamdust_gnoll_shepherd,
          uniq_sonja, uniq_amaemon
Lair:2:   layout_cave_pods, ebering_ghost_xom, amcnicky_mini_pool_medium
Lair:3:   layout_loops_ring, elwin_shoals_entry_rooms,
          guppyfry_snake_entry_garden
Lair:4:   layout_small_grid, dpeg_slime_entry_corner, beast_lair_carwin_6
Lair:5:   evilmike_catoblepas_cave, layout_regular_city
Shoals:1: nicolae_shoals_lighthouse, layout_shoals,
          hellmonk_ghost_happy_afterlife, serial_shops,
          nicolae_shop_tiny_statue_garden, portal_ice_cave_entry_ice_simulacra,
          minmay_shop_mayhem, uniq_nikola, uniq_jorgrun

Skill      XL: |  1  2  3  4  5  6  7  8  9 10 11 12 13 14 |
---------------+-------------------------------------------+-----
Invocations    | 1 2 3 4 5 7 9 11 12 14 16 18 | 18.2
Axes           | 3 4 5 6 7 9 11 13 14 16 18 | 18.4
Fighting       | 4 5 6 7 9 10 12 13 15 | 15.1
Armour         | 4 5 6 7 8 9 10 11 | 11.7
Shields        | 4 5 |  5.0
Spellcasting   | 1 3 |  3.7

Action                     |  1- 3 |  4- 6 |  7- 9 | 10-12 | 13-15 || total
---------------------------+-------+-------+-------+-------+-------++-------
  Melee: War axe           |   104 |   102 |   196 |   361 |   685 ||  1448
         Demon blade       |     7 |       |       |       |       ||     7
  Throw: Dart              |       |       |       |     5 |       ||     5
 Invoke: Divine Shield     |       |       |       |     4 |     1 ||     5
         Summon Divine War |       |       |       |       |     1 ||     1
  Evoke: Wand              |       |       |       |     2 |     1 ||     3
    Use: Scroll            |     4 |    11 |    10 |     5 |     5 ||    35
         Potion            |       |     1 |     2 |     2 |     6 ||    11
 Armour: Scale mail        |    72 |    40 |     1 |       |       ||   113
         Ring mail         |       |       |    90 |    90 |   120 ||   300
         Plate armour      |       |       |       |       |   255 ||   255
  Dodge: Dodged            |    64 |    41 |   125 |   266 |   374 ||   870
  Block: Buckler           |    30 |    27 |    70 |   110 |   120 ||   357
